 Dungeon Crawl Stone Soup version 0.29-a0-1047-g7c58e119a4 (webtiles) character file.

Game seed: 10330865098886728999

3595 IdlyInterested the Slicer (level 9, -8/72 HPs)
             Began as a Demonspawn Wanderer on Aug 16, 2022.
             Mangled by an orc warrior
             ... wielding a +0 war axe
              (13 damage)
             ... in a bailey.
             The game lasted 00:29:25 (6801 turns).

IdlyInterested the Slicer (Demonspawn Wanderer)     Turns: 6801, Time: 00:29:25

Health: -8/72      AC:  9    Str: 13    XL:     9   Next: 85%
Magic:  10/10      EV: 13    Int: 11    God:
Gold:   97         SH:  0    Dex: 19    Spells: 10/10 levels left

rFire   + + .      SeeInvis .   s - +12 dagger of Mandamus {elec, rElec Stlth+}
rCold   + . .      Faith    .   (no shield)
rNeg    . . .      Spirit   .   i - +2 scale mail {rF+}
rPois   .          Reflect  .   (no helmet)
rElec   +          Harm     .   (no cloak)
rCorr   .          Rampage  .   (no gloves)
Will    .....                   (no boots)
Stlth   ++++......              n - amulet of regeneration
HPRegen 1.02/turn               f - ring of protection from cold
MPRegen 0.12/turn               J - ring of protection from fire

@: no status effects
A: hooves 1, foul stench 1, spiny 2, sturdy frame 2
a: no special abilities


You were in a bailey.
You visited 2 branches of the dungeon, and saw 8 of its levels.
You also visited: Ossuary and Bailey.

You collected 429 gold pieces.
You spent 332 gold pieces at shops.

Inventory:

Hand Weapons
 a - a +0 short sword
 s - the +12 dagger of Mandamus (weapon) {elec, rElec Stlth+}
   (You found it on level 4 of the Dungeon)

   It occasionally discharges a powerful burst of electricity upon striking a
   foe.
   rElec:     It insulates you from electricity.
   Stlth:     It makes you more stealthy.
 t - the +6 dagger of Flawed Execution {freeze, Drain +Blink rElec Int+7}
   (You found it on level 3 of the Dungeon)

   It freezes those it strikes, dealing additional cold damage.
   It can also slow down cold-blooded creatures.
   Int:       It affects your intelligence (+7).
   rElec:     It insulates you from electricity.
   +Blink:    It lets you blink.
   Drain:     It drains your maximum health when unequipped.
Missiles
 b - 2 throwing nets
 j - 8 boomerangs (quivered)
 w - 5 boomerangs of dispersal
 x - 19 poisoned darts
Armour
 i - a +2 scale mail of fire resistance (worn)
 L - a +1 pair of boots
 M - a +1 ring mail of cold resistance
Magical Staves
 p - a staff of death
Jewellery
 f - a ring of protection from cold (left hand)
 n - an amulet of regeneration (around neck)
 z - a ring of magical power
 J - a ring of protection from fire (right hand)
Wands
 q - a wand of mindburst (5)
 v - a wand of polymorph (7)
 y - a wand of flame (33)
 B - a wand of roots (11)
 N - a wand of digging (3)
Scrolls
 d - 5 scrolls of teleportation
 e - 3 scrolls of fog
 r - a scroll of magic mapping
 A - a scroll of acquirement {unknown}
 F - a scroll of amnesia
 G - a scroll of fear
 H - 2 scrolls of blinking
 I - a scroll of silence {unknown}
Potions
 c - 2 potions of ambrosia
 g - 5 potions of heal wounds
 h - 3 potions of attraction
 k - 2 potions of magic
 l - 3 potions of brilliance {unknown}
 m - a potion of resistance
 o - 6 potions of curing
 u - 7 potions of haste {unknown}
 C - 3 potions of lignification {unknown}
 D - a potion of mutation
 E - 2 potions of invisibility
 K - 2 potions of flight {unknown}


   Skills:
 + Level 7.2 Fighting
 * Level 9.1 Short Blades
 - Level 1.0 Throwing
 - Level 4.0 Armour
 - Level 4.5 Dodging
 + Level 4.7 Stealth
 - Level 1.0 Spellcasting
 - Level 1.2 Invocations
 - Level 2.0 Evocations


You had 10 spell levels left.
You didn't know any spells.
Your spell library contained the following spells:

 Spells                   Type           Power      Damage    Failure   Level
 Call Canine Familiar     Summ           0%         N/A       85%         3
 Portal Projectile        Hex/Tloc       0%         N/A       85%         3
 Hailstorm                Conj/Ice       0%         3d3       99%         4
 Ice Form                 Ice/Tmut       0%         N/A       99%         4
 Leda's Liquefaction      Hex/Erth       0%         N/A       99%         4
 Simulacrum               Ice/Necr       0%         N/A       100%        6


Dungeon Overview and Level Annotations

Branches:
Dungeon (7/15)             Temple (1/1) D:6         Ossuary (visited)
 Bailey (1/1)

Altars:
Ashenzari
Cheibriados
Dithmenos
Fedhas
Gozag
Kikubaaqudgha
Makhleb
Nemelex Xobeh
Okawaru
Sif Muna
Uskayaw
Xom
Yredelemnul

Shops:
D:1 :   D:3 *

Portals:
Abyss: D:5


Innate Abilities, Weirdness & Mutations

You have large cloven feet.
You may rarely emit foul miasma when damaged in melee.
You are mostly covered in sharp spines.
Your movements are less encumbered by armour. (ER -4)


Message History

The roots erupt in riotous growth!
The orc warrior is unaffected. x2
Roots grab the orc.
The orc warrior is unaffected.
The grasping roots constrict the orc warrior. x2
The grasping roots constrict the orc.
The grasping roots constrict the orc warrior!
You hear a shout!
The roots release their grip on the orc warrior. x2
The orc struggles to escape constriction.
The orc warrior struggles to escape constriction.
The grasping roots constrict the orc warrior!
The grasping roots constrict the orc!
You kill the orc!
The roots release their grip on the orc warrior.
The orc warrior is struck by your spines.
The orc warrior hits you with a +0 war axe.
You emit a cloud of foul miasma!
The orc warrior barely misses you.
The orc knight hits you with a +0 halberd!!
The orc warrior misses you.
You hit the orc knight.
You kick the orc knight, but do no damage.
The orc knight is lightly wounded.
The orc warrior is engulfed in dark miasma.
The orc warrior is poisoned.
The orc warrior seems to slow down.
The orc warrior hits you from afar with a +0 glaive!
The orc knight roars a battlecry!
The orc warriors go into a battle-frenzy!
The orc warrior barely misses you.
You hit the orc knight. Your kick misses the orc knight.
The orc knight is lightly wounded.
The orc warrior hits you from afar with a +0 trident!!
* * * LOW HITPOINT WARNING * * *
The orc warrior hits you from afar with a +0 glaive!
* * * LOW HITPOINT WARNING * * *
The orc knight closely misses you.
You hit the orc knight.
The orc knight is lightly wounded.
The orc warrior is struck by your spines.
The orc warrior hits you with a +0 war axe!
You die...

##'''##
#.....#
#.....#
#.....#
#.....#
#.....#
##'''##
##.....##
#..oo@..#
#..#○#o.#
#.)oo...#
#.......#
#.......#
##.....##
#+++++#


You could see an orc knight and 4 orc warriors.

Vanquished Creatures
  The ghost of Adrian566 the Covered, a novice GrFi (D:5)
  A troll (D:6)
  Prince Ribbit (D:5)
  Edmund (D:6)
  A water moccasin (D:6)
  2 ice beasts
  5 orc warriors
  A black bear (D:6)
  An ogre (D:6)
  3 phantoms (D:5)
  2 elf zombies (D:5)
  An elf skeleton (D:5)
  2 howler monkeys (D:6)
  3 electric eels (D:3)
  A quasit (D:5)
  A centaur zombie (Ossuary)
  A human zombie (Ossuary)
  2 small abominations (D:5)
  2 hounds (D:4)
  A jelly (D:4)
  4 orc priests
  3 human skeletons (D:5)
  An iguana (D:4)
  Ijyb (D:3)
  6 orc wizards
  4 ogre zombies (Ossuary)
  7 mummies (Ossuary)
  A gnoll (D:5)
  14 adders
  A shadow imp (D:6)
  2 ufetubi (D:5)
  2 worms
  A dart slug (D:1)
  34 orcs
  7 endoplasms
  A giant cockroach (D:2)
  17 goblins
  7 hobgoblins
  2 jackals (D:3)
  9 quokkas
  9 ball pythons
  6 bats
  6 frilled lizards
  2 goblin zombies (Ossuary)
  5 hobgoblin zombies (Ossuary)
  6 kobolds
  5 kobold zombies (Ossuary)
  5 quokka zombies (Ossuary)
  7 rats
  7 rat zombies (Ossuary)
215 creatures vanquished.

Vanquished Creatures (others)
  2 plants (D:3)
2 creatures vanquished.

Grand Total: 217 creatures vanquished

Notes
Turn   | Place    | Note
-------+----------+-------------------------------------------
     0 | D:1      | IdlyInterested the Demonspawn Wanderer began the quest for
                  | the Orb.
     0 | D:1      | IdlyInterested set off with the following items: a +0 short
                  | sword, 2 throwing nets, a +0 leather armour, a scroll of
                  | teleportation, a scroll of fog.
     0 | D:1      | Reached XP level 1. HP: 15/15 MP: 1/1
    18 | D:1      | Found a faded altar of an unknown god.
   292 | D:1      | Gained mutation: You are partially covered in sharp spines.
                  | [demonic ancestry]
   292 | D:1      | Reached XP level 2. HP: 19/21 MP: 2/2
   387 | D:1      | Found Nekireul's Book Shop.
   628 | D:1      | Reached skill level 2 in Short Blades
  1250 | D:2      | Identified the +8 spear of Lummox {spect, Dex+2}
  1325 | D:2      | Reached XP level 3. HP: 20/26 MP: 3/3
  2070 | D:2      | Reached XP level 4. HP: 33/33 MP: 4/4
  2414 | D:3      | Found Imiavuw's General Store.
  2444 | D:3      | Noticed Ijyb
  2459 | D:3      | Killed Ijyb
  2460 | D:3      | Reached skill level 3 in Short Blades
  2490 | D:3      | Reached skill level 1 in Evocations
  2490 | D:3      | Gained mutation: Your movements are slightly less
                  | encumbered by armour. (ER -2) [demonic ancestry]
  2490 | D:3      | Reached XP level 5. HP: 35/40 MP: 5/5
  2535 | D:3      | Identified the +6 dagger of Flawed Execution {freeze, Drain
                  | +Blink rElec Int+7}
  2546 | D:3      | Found a transporter.
  2633 | D:3      | Found a transporter.
  2959 | D:3      | Reached skill level 1 in Throwing
  3169 | D:3      | Bought a potion of degeneration for 13 gold pieces
  3169 | D:3      | Bought a scroll of noise for 13 gold pieces
  3169 | D:3      | Bought a potion of curing for 39 gold pieces
  3169 | D:3      | Bought a potion of attraction for 39 gold pieces
  3291 | D:4      | Gained mutation: You have large cloven feet. [demonic
                  | ancestry]
  3291 | D:4      | Reached XP level 6. HP: 37/47 MP: 6/6
  3348 | D:4      | Identified the +12 dagger of Mandamus {elec, rElec Stlth+}
  3698 | D:4      | Reached skill level 4 in Short Blades
  3784 | D:4      | Reached skill level 1 in Spellcasting
  3788 | D:4      | Gained mutation: You may rarely emit foul miasma when
                  | damaged in melee. [demonic ancestry]
  3788 | D:4      | Reached XP level 7. HP: 19/53 MP: 8/8
  3866 | D:3      | Bought a potion of heal wounds for 65 gold pieces
  3909 | D:5      | Entered Level 5 of the Dungeon
  3923 | D:5      | Found a sand-covered staircase.
  3944 | Ossuary  | Entered an ossuary
  4176 | Ossuary  | Reached skill level 5 in Short Blades
  4444 | D:5      | Gained mutation: You are mostly covered in sharp spines.
                  | [demonic ancestry]
  4444 | D:5      | Reached XP level 8. HP: 61/61 MP: 9/9
  4479 | D:5      | Noticed Prince Ribbit
  4485 | D:5      | Found a transporter.
  4486 | D:5      | Killed Prince Ribbit
  4487 | D:5      | Reached skill level 5 in Fighting
  4487 | D:5      | Reached skill level 6 in Short Blades
  4724 | D:5      | Found a one-way gate to the infinite horrors of the Abyss.
  4724 | D:5      | Noticed Adrian566's ghost (novice GrFi)
  4729 | D:5      | Found a transporter.
  4864 | D:5      | Found a burning altar of Makhleb.
  4866 | D:5      | Found a blossoming altar of Fedhas.
  5209 | D:5      | Killed Adrian566's ghost
  5210 | D:5      | Reached skill level 7 in Short Blades
  5212 | D:5      | Gained mutation: Your movements are less encumbered by
                  | armour. (ER -4) [demonic ancestry]
  5212 | D:5      | Reached XP level 9. HP: 23/69 MP: 10/10
  5482 | D:6      | Found a staircase to the Ecumenical Temple.
  5828 | Temple   | Entered the Ecumenical Temple
  5985 | D:6      | Noticed a troll
  6010 | D:6      | Reached skill level 8 in Short Blades
  6043 | D:6      | Killed a troll
  6220 | D:6      | Noticed Edmund
  6231 | D:6      | Killed Edmund
  6479 | D:3      | Bought a wand of digging (3) for 163 gold pieces
  6626 | D:7      | Found a flagged portal.
  6644 | Bailey   | Entered a bailey
  6704 | Bailey   | Reached skill level 9 in Short Blades
  6794 | Bailey   | Noticed an orc knight
  6801 | Bailey   | Mangled by an orc warrior

Illustrated notes

Levels and vault maps discovered:
D:1:      lightli_arrival_statue_moat, layout_loops_cross,
          hellmonk_ecumenical_altar_crossroads, serial_shops, shop,
          minmay_tromino_i2
D:2:      minmay_general_purpose_star, layout_loops_corners
D:3:      gammafunk_steamed_eel, layout_basic, serial_shops, shop_fountains,
          minmay_fractal_squares_diagonal_5, uniq_ijyb
D:4:      minmay_opposing_rooms, layout_rooms, minmay_misc_feat_tower
D:5:      layout_loops_cross, nicolae_overflow_hidden_temple,
          gammafunk_ghost_abyssal_escape, nicolae_ossuary_entry_catacombs,
          uniq_prince_ribbit1
D:6:      minmay_chambers_of_sixes, layout_loops_ring, temple_doors_ab,
          uniq_edmund
D:7:      layout_basic, mainiacjoe_overflow_24_doors,
          grunt_temple_overflow_diamond, enter_bailey_5
Temple:   nicolae_temple_two_arcs
Bailey:   bailey_polearm_5, bailey

Skill      XL: |  1  2  3  4  5  6  7  8  9 |
---------------+----------------------------+-----
Short Blades   | 2 3 4 5 7 9 |  9.1
Fighting       | 2 3 4 6 7 |  7.2
Stealth        | 2 3 4 |  4.7
Evocations     | 1 2 |  2.0
Throwing       | 1 |  1.0
Spellcasting   | 1 |  1.0
Armour         | 2 3 4 |  4.0
Dodging        | |  4.5
Invocations    | |  1.2

Action                   |  1- 3 |  4- 6 |  7- 9 || total
-------------------------+-------+-------+-------++-------
Melee: Short sword       |   103 |    53 |       ||   156
       Punch             |     1 |     1 |     2 ||     4
       Dagger            |       |    87 |   240 ||   327
       Kick              |       |    11 |    75 ||    86
Throw: Boomerang         |       |       |     1 ||     1
Evoke: Wand              |       |       |     3 ||     3
  Use: Scroll            |       |     7 |     9 ||    16
       Potion            |       |       |     4 ||     4
 Stab: Sleeping          |     3 |     5 |    23 ||    31
Armor: Leather armour    |     9 |       |       ||     9
       Scale mail        |    17 |    31 |    42 ||    90
       Ring mail         |     4 |       |       ||     4
Dodge: Dodged            |    55 |    72 |    94 ||   221

Table legend: (Time is in decaauts)
 A = Elapsed time spent in this place.
 B = Non-inter-level travel time spent in this place.
 C = Inter-level travel time spent in this place.
 D = Time resting spent in this place.
 E = Time spent auto-exploring this place.
 F = Levels seen in this place.
 G = Mean time per level.
                   A        B        C        D        E       F      G
               +--------+--------+--------+--------+--------+-----+--------+
         Total |   6714 |   5794 |    920 |    244 |   3436 |  10 |  671.4 |
       Dungeon |   5994 |   5076 |    918 |    214 |   3332 |   7 |  856.3 |
        Temple |    121 |    120 |      1 |      0 |    104 |   1 |  121.0 |
       Ossuary |    454 |    454 |      0 |      0 |      0 |   1 |  454.0 |
        Bailey |    143 |    143 |      0 |     30 |      0 |   1 |  143.0 |
               +--------+--------+--------+--------+--------+-----+--------+

Top non-repeatable levels by time:
     D:1: 1184 daAuts
     D:2: 1138 daAuts
     D:3: 1084 daAuts
     D:5: 1058 daAuts
     D:6: 927 daAuts
     D:4: 569 daAuts
 Ossuary: 454 daAuts
  Bailey: 143 daAuts
  Temple: 121 daAuts
     D:7: 31 daAuts
